Map: Bridgehead LE (Void)

Players

AcerBly (Bly)

  • Race: Zerg Zerg
  • League: Diamond

TheDoctor - Winner!

  • Race: Protoss Protoss
  • League: Grandmaster

Event: Lycan League Weekly September #1

VOD

Have the link to the VOD?

Description

Time

  • Played on: Sept. 21, 2015, 1:54 p.m.
  • Length: 7:27

All games in this series

Show
View Real Time Build Order
Export as new Build Order

AcerBly Zerg 

Build Orders: Hatch First 

Get SALT Encoding   

  12  0:01  Drone  
  13  0:12  Overlord  
  13  0:20  Drone  
  14  0:31  Drone x2  
  16  0:37  Drone  
  17  0:57  Hatchery  
  17  1:01  Drone  
  17  1:02  Drone  
  18  1:06  Extractor  
  17  1:15  Spawning Pool  
  17  1:18  Drone  
  17  1:24  Drone  
  18  1:39  Drone  
  19  1:41  Overlord  
  19  2:02  Zergling x4  
  19  2:03  Queen  
  23  2:09  Metabolic Boost  
  23  2:10  Queen  
  23  2:13  Drone  
  26  2:16  Drone  
  27  2:28  Drone x2  
  29  2:33  Overlord  
  29  2:35  Drone  
  30  2:47  Drone  
  30  2:50  Drone  
  32  2:51  Extractor  
  32  2:54  Queen  
  32  2:58  Overlord  
  33  3:00  Drone  
  33  3:04  Roach Warren  
  33  3:07  Drone  
  33  3:11  Drone  
  35  3:17  Drone x3  
  38  3:23  Drone x2  
  40  3:46  Roach x5  
  50  3:53  Roach  
  52  4:07  Overlord x2  
  52  4:08  Lair  
  52  4:13  Overlord  
  52  4:23  Overlord x2  
  50  4:32  Roach x4  
  50  4:36  Roach x2  
  62  4:45  Roach x3  
  68  4:49  Ravager x2  
  68  5:10  Glial Reconstitution  
  68  5:12  Ravager  
  66  5:19  Drone x11  
  75  5:26  Ravager  
  69  5:50  Roach x5  
  77  5:57  Zergling x12  
  73  6:13  Hatchery  
  70  6:25  Roach x6  
  74  6:48  Ravager x2  
  74  6:49  Roach  
  77  7:02  Zergling x2  
  77  7:03  Zergling x18  
Show
View Real Time Build Order
Export as new Build Order

TheDoctor Protoss - Winner!

Build Orders: 1 Gate Expand, Mass Adepts 

Get SALT Encoding   

  12  0:00  Probe (Chrono Boost)  
  13  0:10  Probe (Chrono Boost)  
  14  0:18  Pylon  
  14  0:21  Probe (Chrono Boost)  
  15  0:35  Probe (Chrono Boost)  
  15  0:37  Gateway  
  16  0:45  Probe (Chrono Boost)  
  17  0:55  Probe (Chrono Boost)  
  18  1:05  Probe (Chrono Boost)  
  19  1:14  Nexus  
  19  1:16  Probe (Chrono Boost)  
  20  1:24  Assimilator  
  20  1:26  Probe (Chrono Boost)  
  20  1:30  Assimilator  
  21  1:36  Probe (Chrono Boost)  
  22  1:46  Probe (Chrono Boost)  
  23  1:47  Pylon  
  23  1:53  Cybernetics Core  
  23  2:04  Probe (Chrono Boost)  
  23  2:05  Zealot  
  26  2:14  Probe (Chrono Boost)  
  27  2:24  Probe (Chrono Boost)  
  27  2:25  Warp Gate (Chrono Boost)  
  27  2:29  Mothership Core (Chrono Boost)  
  30  2:32  Adept  
  30  2:34  Probe (Chrono Boost)  
  33  2:44  Probe (Chrono Boost)  
  33  2:45  Probe (Chrono Boost)  
  35  2:55  Probe  
  35  2:56  Probe  
  37  3:02  Gateway  
  37  3:04  Gateway  
  37  3:05  Probe  
  37  3:06  Gateway  
  38  3:13  Probe  
  38  3:15  Probe  
  38  3:17  Adept  
  42  3:25  Probe x2  
  43  3:32  Robotics Facility  
  44  3:34  Pylon  
  44  3:35  Probe  
  44  3:37  Probe  
  46  3:48  Gateway  
  46  3:51  Gateway  
  46  3:54  Gateway  
  46  3:58  Pylon  
  46  3:59  Probe  
  46  4:01  Probe  
  48  4:06  Pylon  
  48  4:17  Adept x3  
  48  4:18  Adept  
  56  4:25  Immortal (Chrono Boost)  
  60  4:38  Pylon  
  60  4:40  Adept x3  
  60  4:41  Adept  
  68  4:49  Adept  
  68  4:52  Pylon  
  70  4:58  Immortal (Chrono Boost)  
  72  5:06  Probe  
  65  5:21  Adept x5  
  65  5:22  Adept x2  
  65  5:26  Pylon  
  75  5:33  Immortal (Chrono Boost)  
  77  5:51  Adept  
  77  5:52  Adept x6  
  77  5:56  Pylon  
  91  6:13  Warp Prism (Chrono Boost)  
  91  6:17  Pylon  
  93  6:19  Probe  
  93  6:21  Probe  
  93  6:22  Pylon  
  93  6:23  Assimilator  
  93  6:24  Assimilator  
  93  6:25  Twilight Council  
  95  6:37  Adept x5  
  95  6:39  Sentry, Adept  
  105  6:41  Probe  
  105  6:42  Probe  
  107  6:58  Pylon  
  99  7:23  Dark Shrine  
  99  7:24  Adept x2  
  99  7:25  Adept x5  

Tags
 
Add a new tag
Caveats
  • Supply blocks, unpowered buildings, or Contaminate may cause inaccurate times.
  • Supply counts are checked every 10 seconds.